Map: Blackpink LE

Players

TRUE - Winner!

  • Race: Zerg Zerg
  • Spawn Location: 1:00

Creator

  • Race: Protoss Protoss
  • Spawn Location: 7:00

Event: IEM Season 12 - Katowice

VOD

Have the link to the VOD?

Description

Time

  • Played on: Feb. 26, 2018, 1:15 p.m.
  • Length: 7:04

All games in this series

Show
View Real Time Build Order
Export as new Build Order

TRUE Zerg - Winner!

Build Orders: Hatch First 

Get SALT Encoding   

  12  0:00  Drone  
  13  0:12  Overlord  
  13  0:17  Drone  
  14  0:30  Drone  
  15  0:44  Hatchery  
  15  0:47  Drone  
  15  0:52  Drone  
  15  0:56  Drone  
  17  1:09  Spawning Pool  
  16  1:13  Drone  
  16  1:16  Extractor  
  16  1:18  Drone  
  17  1:24  Drone  
  18  1:38  Drone  
  19  1:43  Overlord  
  19  1:56  Queen  
  19  2:00  Queen  
  23  2:02  Drone, Zergling x2  
  23  2:05  Drone  
  26  2:08  Drone  
  27  2:17  Metabolic Boost  
  27  2:18  Drone  
  27  2:20  Drone  
  29  2:24  Drone  
  29  2:28  Drone  
  31  2:35  Drone  
  32  2:38  Drone  
  33  2:50  Hatchery  
  32  2:52  Queen  
  34  3:00  Overlord  
  34  3:01  Drone x2  
  36  3:09  Overlord  
  36  3:18  Drone x3  
  36  3:19  Drone  
  40  3:23  Evolution Chamber  
  40  3:24  Drone  
  40  3:25  Drone  
  40  3:26  Queen  
  43  3:33  Overlord  
  43  3:35  Queen  
  45  3:42  Spore Crawler  
  45  3:43  Overlord  
  45  3:45  Spore Crawler  
  45  3:47  Drone  
  44  3:53  Zerg Melee Weapons Level 1  
  44  3:55  Drone x2  
  44  3:56  Drone  
  44  3:57  Drone  
  44  4:01  Zergling x2  
  49  4:03  Drone x2  
  49  4:07  Queen  
  53  4:12  Drone x2  
  53  4:13  Drone  
  56  4:18  Drone x3  
  56  4:19  Extractor  
  58  4:25  Drone x4  
  58  4:27  Drone  
  58  4:29  Drone  
  64  4:34  Drone  
  65  4:40  Baneling Nest  
  65  4:44  Spore Crawler, Queen  
  65  4:46  Overlord x2  
  65  4:48  Zergling x2  
  66  4:53  Overlord  
  66  4:56  Overlord  
  66  4:58  Overlord  
  66  5:00  Overlord  
  66  5:05  Zergling x2  
  66  5:06  Zergling x2  
  71  5:07  Zergling x8  
  71  5:10  Zergling x2  
  71  5:11  Zergling x4  
  71  5:12  Zergling x2  
  76  5:17  Zergling x2  
  76  5:18  Zergling x2  
  78  5:21  Zergling x2  
  78  5:22  Zergling x2  
  78  5:23  Zergling x4  
  78  5:28  Zergling x2  
  83  5:29  Zergling x2  
  83  5:31  Zergling x2  
  83  5:32  Zergling x2  
  83  5:34  Zergling x2  
  87  5:41  Hatchery  
  84  5:43  Baneling x11  
  84  5:44  Zergling x6  
  84  5:46  Zergling x2  
  84  5:48  Zergling x4  
  84  5:49  Zergling x2  
  91  5:50  Zergling x2  
  91  5:52  Zergling x2  
  91  5:54  Zergling x4  
  91  5:55  Zergling x2  
  96  5:59  Baneling x2  
  96  6:00  Baneling x4  
  96  6:02  Zergling x2  
  96  6:03  Zergling x2  
  96  6:04  Zergling x2  
  99  6:10  Zergling x4  
  99  6:11  Zergling x6  
  83  6:19  Zergling x2  
  83  6:21  Zergling x2  
  83  6:22  Zergling x8  
  83  6:24  Zergling x6  
  91  6:29  Baneling x2  
  91  6:30  Baneling x2, Zergling x2  
  92  6:34  Zergling x2  
  92  6:36  Zergling x6  
  92  6:37  Baneling  
  92  6:39  Zergling x2  
  92  6:46  Zergling x2  
Show
View Real Time Build Order
Export as new Build Order

Creator Protoss 

Build Orders: 1 Gate Expand, Phoenix Opening 

Get SALT Encoding   

  12  0:00  Probe  
  13  0:12  Probe  
  14  0:19  Pylon  
  14  0:24  Probe  
  15  0:37  Probe (Chrono Boost)  
  15  0:41  Gateway  
  16  0:47  Probe (Chrono Boost), Assimilator  
  17  0:52  Probe (Chrono Boost)  
  18  1:03  Probe  
  19  1:20  Nexus  
  19  1:28  Cybernetics Core  
  19  1:31  Probe (Chrono Boost)  
  21  1:41  Probe (Chrono Boost), Assimilator  
  21  1:47  Pylon  
  21  1:48  Probe  
  22  2:00  Probe  
  23  2:05  Adept  
  25  2:12  Probe  
  26  2:20  Stargate  
  26  2:25  Probe (Chrono Boost)  
  27  2:32  Probe (Chrono Boost)  
  27  2:33  Adept  
  27  2:35  Warp Gate  
  31  2:37  Probe (Chrono Boost)  
  31  2:42  Probe (Chrono Boost)  
  31  2:43  Probe (Chrono Boost)  
  33  2:47  Probe (Chrono Boost)  
  33  2:51  Probe  
  35  2:59  Probe  
  35  3:02  Phoenix (Chrono Boost)  
  35  3:05  Probe  
  39  3:11  Probe  
  40  3:13  Gateway  
  40  3:16  Gateway  
  40  3:19  Probe  
  41  3:23  Probe  
  45  3:29  Pylon  
  45  3:32  Probe  
  46  3:41  Probe, Adept, Pylon  
  46  3:55  Nexus  
  46  3:58  Robotics Facility  
  46  4:00  Pylon  
  46  4:06  Twilight Council  
  46  4:11  Probe x2, Assimilator  
  48  4:24  Gateway x2  
  48  4:27  Gateway  
  48  4:35  Probe  
  48  4:36  Resonating Glaives (Chrono Boost)  
  49  4:40  Gateway  
  49  4:41  Gateway  
  49  4:43  Warp Prism (Chrono Boost)  
  51  4:54  Adept x2  
  51  4:57  Adept  
  57  5:10  Pylon  
  57  5:15  Probe  
  58  5:22  Pylon, Shield Battery  
  58  5:23  Adept x3  
  64  5:31  Adept  
  64  5:32  Adept  
  68  5:46  Pylon  
  68  5:50  Adept x2  
  68  5:51  Adept x4  
  68  5:52  Adept x2  
  84  6:05  Shield Battery  
  68  6:17  Adept x7  
  68  6:18  Adept  
  52  6:35  Adept x2  
  52  6:38  Pylon  
  52  6:39  Pylon  
  54  6:41  Adept, Pylon  
  54  6:47  Zealot x3  

Tags
 
Add a new tag
Caveats
  • Supply blocks, unpowered buildings, or Contaminate may cause inaccurate times.
  • Supply counts are checked every 10 seconds.